3R
GIBTOWN ELEPHANTS @ HUDSONVILLE FLANDERSES
07/20/2034
 
TOP OF THE 1ST
Gibtown Elephants batting - Pitching for Hudsonville Flanderses : RHP Ken Bates
Pitching: RHP Ken Bates
Batting: RHB Francis Raffone 0-0: Called Strike
0-1: SINGLE (Line Drive, 34D)
Batting: SHB Wren Driscoll 0-0: Called Strike
0-1: SINGLE (Line Drive, 9LS)
Francis Raffone to second
Batting: RHB Carsello Scruggins 0-0: Ball
1-0: Swinging Strike
1-1: Ball
Francis Raffone steals 3rd base
Wren Driscoll to second
2-1: Fly out, F7 (Flyball, 7LSF)
Runner from 3rd tags up, SCORES, no throw
Batting: RHB Zi-cheng Sun 0-0: Foul Ball, location: 2F
0-1: Ball
1-1: Called Strike
1-2: Strikes out looking
Batting: RHB Don Parker 0-0: Called Strike
0-1: Ball
1-1: DOUBLE (Line Drive, 8LD)
Wren Driscoll scores
Batting: RHB Luis Romero 0-0: Ball
1-0: Swinging Strike
1-1: Ball
2-1: Ball
3-1: Swinging Strike
3-2: Foul Ball, location: 2F
3-2: Foul Ball, location: 2F
3-2: SINGLE (Groundball, 3D)
Don Parker to third
Don Parker scores
Batting: LHB Frank Morris 0-0: Called Strike
0-1: Foul Ball, location: 2F
0-2: Ball
Luis Romero steals 2nd base
1-2: Strikes out swinging
Top of the 1st over - 3 runs, 4 hits, 0 errors, 1 left on base; Gibtown 3 - Hudsonville 0
BOTTOM OF THE 1ST
Hudsonville Flanderses batting - Pitching for Gibtown Elephants : RHP Said Akimi
Pitching: RHP Said Akimi
Batting: RHB Juho Hovinen 0-0: Ball
1-0: Foul Ball, location: 2F
1-1: Foul Ball, location: 2F
1-2: Fly out, F9 (Flyball, 89D)
Batting: RHB Olkhovsky Gennadiyevich 0-0: Ball
1-0: Ball
2-0: Ball
3-0: Called Strike
3-1: Foul Ball, location: 2F
3-2: Ground out 4-3 (Groundball, 4S)
Batting: RHB Raúl Colomo 0-0: Ball
1-0: Foul Ball, location: 2F
1-1: Ground out 3-1 (Groundball, 34)
Bottom of the 1st over - 0 runs, 0 hits, 0 errors, 0 left on base; Gibtown 3 - Hudsonville 0
TOP OF THE 2ND
Gibtown Elephants batting - Pitching for Hudsonville Flanderses : RHP Ken Bates
Batting: RHB Lawrence O'Neal 0-0: Ball
1-0: Foul Ball, location: 2F
1-1: Swinging Strike
1-2: Ball
2-2: Ball
3-2: SOLO HOME RUN (Flyball, 8RXD), Distance : 435 ft
Batting: RHB Ramón Pinamango 0-0: Fly out, F7 (Flyball, 7S)
Batting: RHB Francis Raffone 0-0: Reached on error, E7 (Flyball, 7D)
Batting: SHB Wren Driscoll 0-0: Ball
1-0: Called Strike
Francis Raffone steals 2nd base
1-1: Foul Ball, location: 2F
1-2: Foul Ball, location: 2F
1-2: Foul Ball, location: 2F
1-2: Foul Ball, location: 2F
1-2: Foul Ball, location: 2F
1-2: Fly out, F3 (Line Drive, 3S)
Batting: RHB Carsello Scruggins 0-0: Ball
1-0: Called Strike
Francis Raffone steals 3rd base
1-1: DOUBLE (Flyball, 89XD)
Francis Raffone scores
Batting: RHB Zi-cheng Sun 0-0: Called Strike
0-1: Swinging Strike
0-2: SINGLE (Flyball, 8RM)
Carsello Scruggins to third
Runner from 3rd tries for Home, throw and OUT!
Top of the 2nd over - 2 runs, 3 hits, 1 error, 1 left on base; Gibtown 5 - Hudsonville 0
BOTTOM OF THE 2ND
Hudsonville Flanderses batting - Pitching for Gibtown Elephants : RHP Said Akimi
Batting: RHB Nihad Boja 0-0: Ball
1-0: SINGLE (Line Drive, 6D)
Batting: RHB Rex Mosley 0-0: Ball
1-0: Foul Ball, location: 2F
1-1: Swinging Strike
1-2: Strikes out swinging
Batting: RHB Nicodemo Nardone 0-0: Foul Ball, location: 2F
0-1: Fly out, F7 (Flyball, 7D)
Batting: LHB Juan Fuentes 0-0: Fly out, F9 (Line Drive, 89M)
Bottom of the 2nd over - 0 runs, 1 hit, 0 errors, 1 left on base; Gibtown 5 - Hudsonville 0
TOP OF THE 3RD
Gibtown Elephants batting - Pitching for Hudsonville Flanderses : RHP Ken Bates
Batting: RHB Don Parker 0-0: Called Strike
0-1: Foul Ball, location: 2F
0-2: Ball
1-2: Ball
2-2: Ground out 6-3 (Groundball, 6)
Batting: RHB Luis Romero 0-0: Foul Ball, location: 2F
0-1: Called Strike
0-2: SINGLE (Groundball, 6D)
Batting: LHB Frank Morris 0-0: Foul Ball, location: 2F
0-1: Ball
1-1: Ball
2-1: Swinging Strike
2-2: Ball
3-2: Foul Ball, location: 2F
3-2: Foul Ball, location: 2F
3-2: Base on Balls
Luis Romero to second
Batting: RHB Lawrence O'Neal 0-0: Fly out, F6 (Line Drive, 6)
Batting: RHB Ramón Pinamango 0-0: Fielders Choice at 2nd, 6-4 (Groundball, 6)
Top of the 3rd over - 0 runs, 1 hit, 0 errors, 2 left on base; Gibtown 5 - Hudsonville 0
BOTTOM OF THE 3RD
Hudsonville Flanderses batting - Pitching for Gibtown Elephants : RHP Said Akimi
Batting: LHB Carlos Castro 0-0: Ball
1-0: Foul Ball, location: 2F
1-1: Called Strike
1-2: Foul Ball, location: 2F
1-2: Ball
2-2: SINGLE (Flyball, 78S)
Batting: RHB Jasper Humphrey 0-0: Ball
1-0: Ball
2-0: Swinging Strike
2-1: Ball
3-1: Base on Balls
Carlos Castro to second
Batting: RHB Juho Hovinen 0-0: SINGLE (Flyball, 78S)
Carlos Castro to third
Jasper Humphrey to second
Batting: RHB Olkhovsky Gennadiyevich 0-0: Ball
1-0: Fly out, F5 (Popup, 5SF)
Batting: RHB Raúl Colomo 0-0: Foul Ball, location: 2F
0-1: Ball
1-1: Fly out, F9 (Flyball, 89D)
Runner from 3rd tags up, SCORES, throw made
Batting: RHB Nihad Boja 0-0: Fielders Choice at 2nd, 6-4 (Groundball, 6)
Bottom of the 3rd over - 1 run, 2 hits, 0 errors, 2 left on base; Gibtown 5 - Hudsonville 1
TOP OF THE 4TH
Gibtown Elephants batting - Pitching for Hudsonville Flanderses : RHP Ken Bates
Batting: RHB Francis Raffone 0-0: Ball
1-0: Foul Ball, location: 2F
1-1: Foul Ball, location: 2F
1-2: Fly out, F4 (Line Drive, 4)
Batting: SHB Wren Driscoll 0-0: Foul Ball, location: 2F
0-1: Ball
1-1: Foul Ball, location: 2F
1-2: SINGLE (Groundball, 34S) (infield hit)
Batting: RHB Carsello Scruggins 0-0: Ball
1-0: Called Strike
1-1: Fly out, F9 (Flyball, 9LM)
Batting: RHB Zi-cheng Sun 0-0: Called Strike
Wren Driscoll steals 2nd base
0-1: Ball
1-1: Foul Ball, location: 2F
1-2: Foul Ball, location: 2F
1-2: Ball
2-2: Ground out 5-3 (Groundball, 5L)
Top of the 4th over - 0 runs, 1 hit, 0 errors, 1 left on base; Gibtown 5 - Hudsonville 1
BOTTOM OF THE 4TH
Hudsonville Flanderses batting - Pitching for Gibtown Elephants : RHP Said Akimi
Batting: RHB Rex Mosley 0-0: Called Strike
0-1: Ball
1-1: Foul Ball, location: 2F
1-2: Ball
2-2: Foul Ball, location: 2F
2-2: Strikes out swinging
Batting: RHB Nicodemo Nardone 0-0: Ball
1-0: Ball
2-0: Called Strike
2-1: Fly out, F7 (Flyball, 7S)
Batting: LHB Juan Fuentes 0-0: Ball
1-0: Ball
2-0: Called Strike
2-1: Reached on error, E3 (Groundball, 3)
Batting: LHB Carlos Castro 0-0: Ball
1-0: Ball
2-0: Called Strike
2-1: Ball
3-1: Ground out 4-3 (Groundball, 4)
Bottom of the 4th over - 0 runs, 0 hits, 1 error, 1 left on base; Gibtown 5 - Hudsonville 1
TOP OF THE 5TH
Gibtown Elephants batting - Pitching for Hudsonville Flanderses : RHP Ken Bates
Pitching: RHP Duckens Nazon
Batting: RHB Don Parker 0-0: Foul Ball, location: 2F
0-1: Foul Ball, location: 2F
0-2: Strikes out swinging
Batting: RHB Luis Romero 0-0: Ball
1-0: Ball
2-0: Swinging Strike
2-1: Called Strike
2-2: Ball
3-2: Ground out 5-3 (Groundball, 56)
Batting: LHB Frank Morris 0-0: Single, Error in OF, E7, batter to second base
Batting: RHB Lawrence O'Neal 0-0: Intentional Walk
Batting: RHB Ramón Pinamango 0-0: Ground out 3-1 (Groundball, 34)
Top of the 5th over - 0 runs, 1 hit, 1 error, 2 left on base; Gibtown 5 - Hudsonville 1
BOTTOM OF THE 5TH
Hudsonville Flanderses batting - Pitching for Gibtown Elephants : RHP Said Akimi
Batting: RHB Jasper Humphrey 0-0: Swinging Strike
0-1: Swinging Strike
0-2: Strikes out looking
Batting: RHB Juho Hovinen 0-0: Ball
1-0: Hit by Pitch
Batting: RHB Olkhovsky Gennadiyevich 0-0: Foul Ball, location: 2F
0-1: Called Strike
0-2: Foul Ball, location: 2F
0-2: Strikes out swinging
Batting: RHB Raúl Colomo 0-0: Called Strike
0-1: Ball
1-1: Ball
2-1: SINGLE (Line Drive, 4D)
Juho Hovinen to second
Batting: RHB Nihad Boja 0-0: Ball
1-0: Fly out, F4 (Popup, 13S)
Bottom of the 5th over - 0 runs, 1 hit, 0 errors, 2 left on base; Gibtown 5 - Hudsonville 1
TOP OF THE 6TH
Gibtown Elephants batting - Pitching for Hudsonville Flanderses : RHP Duckens Nazon
Batting: RHB Francis Raffone 0-0: Called Strike
0-1: Foul Ball, location: 2F
0-2: Foul Ball, location: 2F
0-2: Ball
1-2: Ball
2-2: Foul Ball, location: 2F
2-2: SINGLE (Groundball, 6MD)
Batting: SHB Wren Driscoll 0-0: Bunted foul
0-1: Bunt missed!
0-2: Ball
1-2: Strikes out swinging
Batting: RHB Carsello Scruggins 0-0: Ball
1-0: Ball
2-0: Ball
3-0: Base on Balls
Francis Raffone to second
Batting: RHB Zi-cheng Sun 0-0: Ball
Francis Raffone steals 3rd base
Carsello Scruggins to second
1-0: Intentional Walk
Batting: RHB Don Parker 0-0: Called Strike
0-1: Fly out, F2 (Popup, 2LF)
Batting: RHB Luis Romero 0-0: Ball
1-0: Ball
2-0: Fielders Choice at 2nd, 5-4 (Groundball, 56)
Top of the 6th over - 0 runs, 1 hit, 0 errors, 3 left on base; Gibtown 5 - Hudsonville 1
BOTTOM OF THE 6TH
Hudsonville Flanderses batting - Pitching for Gibtown Elephants : RHP Said Akimi
Batting: RHB Rex Mosley 0-0: Ball
1-0: Fly out, F7 (Flyball, 78D)
Batting: RHB Nicodemo Nardone 0-0: Fly out, F7 (Line Drive, 78D)
Batting: LHB Juan Fuentes 0-0: Called Strike
0-1: Foul Ball, location: 2F
0-2: Fly out, F6 (Line Drive, 6)
Bottom of the 6th over - 0 runs, 0 hits, 0 errors, 0 left on base; Gibtown 5 - Hudsonville 1
TOP OF THE 7TH
Gibtown Elephants batting - Pitching for Hudsonville Flanderses : RHP Duckens Nazon
Batting: LHB Frank Morris 0-0: Called Strike
0-1: Called Strike
0-2: Ball
1-2: SINGLE (Groundball, 34D)
Batting: RHB Lawrence O'Neal 0-0: Bunt - Flyout! F3
Batting: RHB Ramón Pinamango 0-0: Called Strike
0-1: Foul Ball, location: 2F
0-2: Ground out 3-1 (Groundball, 2R)
Frank Morris to second
Batting: RHB Francis Raffone 0-0: Ball
1-0: Called Strike
1-1: Swinging Strike
1-2: Foul Ball, location: 2F
1-2: Foul Ball, location: 2F
1-2: Foul Ball, location: 2F
1-2: Strikes out swinging
Top of the 7th over - 0 runs, 1 hit, 0 errors, 1 left on base; Gibtown 5 - Hudsonville 1
BOTTOM OF THE 7TH
Hudsonville Flanderses batting - Pitching for Gibtown Elephants : RHP Said Akimi
Batting: LHB Carlos Castro 0-0: Ball
1-0: Foul Ball, location: 2F
1-1: Ball
2-1: Ball
3-1: Called Strike
3-2: Reached on error, E5 (Groundball, 56)
Batting: RHB Jasper Humphrey 0-0: TRIPLE (Line Drive, 89XD)
Carlos Castro scores
Batting: RHB Juho Hovinen 0-0: Called Strike
0-1: Fly out, F6 (Line Drive, 6)
Batting: RHB Olkhovsky Gennadiyevich 0-0: Ball
1-0: Foul Ball, location: 2F
1-1: Swinging Strike
1-2: Strikes out swinging
Batting: RHB Raúl Colomo 0-0: Called Strike
0-1: Fly out, F7 (Flyball, 78S)
Bottom of the 7th over - 1 run, 1 hit, 1 error, 1 left on base; Gibtown 5 - Hudsonville 2
TOP OF THE 8TH
Gibtown Elephants batting - Pitching for Hudsonville Flanderses : RHP Duckens Nazon
Batting: SHB Wren Driscoll 0-0: Ball
1-0: Fly out, F8 (Flyball, 8LM)
Batting: RHB Carsello Scruggins 0-0: Called Strike
0-1: SINGLE (Groundball, 56) (infield hit)
Batting: RHB Zi-cheng Sun 0-0: SINGLE (Line Drive, 3S)
Carsello Scruggins to second
Batting: RHB Don Parker 0-0: Called Strike
0-1: Ball
1-1: Called Strike
1-2: Ball
2-2: Fly out, F9 (Line Drive, 9LM)
Runner from 2nd tags up, SAFE at 3rd with throw
Batting: RHB Luis Romero 0-0: Ball
1-0: Swinging Strike
1-1: Foul Ball, location: 2F
1-2: Strikes out swinging
Top of the 8th over - 0 runs, 2 hits, 0 errors, 2 left on base; Gibtown 5 - Hudsonville 2
BOTTOM OF THE 8TH
Hudsonville Flanderses batting - Pitching for Gibtown Elephants : RHP Said Akimi
Batting: RHB Nihad Boja 0-0: Called Strike
0-1: Foul Ball, location: 2F
0-2: Ball
1-2: Ball
2-2: Ball
3-2: Foul Ball, location: 2F
3-2: Foul Ball, location: 2F
3-2: Base on Balls
Batting: RHB Rex Mosley 0-0: Fly out, F5 (Flyball, 5D)
Batting: RHB Nicodemo Nardone 0-0: Ball
1-0: Ball
2-0: Ball
3-0: Called Strike
3-1: Called Strike
3-2: Foul Ball, location: 2F
3-2: Strikes out swinging
Batting: LHB Juan Fuentes 0-0: Fly out, F5 (Popup, 56)
Bottom of the 8th over - 0 runs, 0 hits, 0 errors, 1 left on base; Gibtown 5 - Hudsonville 2
TOP OF THE 9TH
Gibtown Elephants batting - Pitching for Hudsonville Flanderses : RHP Duckens Nazon
Batting: LHB Frank Morris 0-0: Called Strike
0-1: Foul Ball, location: 2F
0-2: Ball
1-2: Ball
2-2: Ball
3-2: Strikes out swinging
Batting: RHB Lawrence O'Neal 0-0: Foul Ball, location: 2F
0-1: Swinging Strike
0-2: Ball
1-2: Foul Ball, location: 2F
1-2: Ball
2-2: Ball
3-2: Foul Ball, location: 2F
3-2: Foul Ball, location: 2F
3-2: Ground out 6-3 (Groundball, 6)
Batting: RHB Ramón Pinamango 0-0: Ball
1-0: Foul Ball, location: 2F
1-1: Ball
2-1: Ball
3-1: SINGLE (Line Drive, 6)
Pitching: RHP Xiu-tou Song
Batting: RHB Francis Raffone 0-0: Ball
1-0: Fielders Choice at 2nd, 6-4 (Groundball, 6)
Top of the 9th over - 0 runs, 1 hit, 0 errors, 1 left on base; Gibtown 5 - Hudsonville 2
BOTTOM OF THE 9TH
Hudsonville Flanderses batting - Pitching for Gibtown Elephants : RHP Said Akimi
Batting: LHB Carlos Castro 0-0: Called Strike
0-1: Swinging Strike
0-2: Ball
1-2: Strikes out swinging
Batting: RHB Jasper Humphrey 0-0: Ball
1-0: Called Strike
1-1: Ball
2-1: Ball
3-1: Foul Ball, location: 2F
3-2: Base on Balls
Pitching: RHP Jonathan Lentz
Batting: RHB Juho Hovinen 0-0: Ball
1-0: Foul Ball, location: 2F
1-1: Foul Ball, location: 2F
1-2: SINGLE (Line Drive, 7S)
Jasper Humphrey to second
Batting: RHB Olkhovsky Gennadiyevich 0-0: Fly out, F8 (Line Drive, 8LD)
Batting: RHB Raúl Colomo 0-0: Called Strike
0-1: Ground out 4-3 (Groundball, 4)
Bottom of the 9th over - 0 runs, 1 hit, 0 errors, 2 left on base; Gibtown 5 - Hudsonville 2
Friday, March 29th, 2019 - OOTP Baseball 18.8 Build 76